[Event "*** Titled Tuesday Blitz"]
[Site "Chess.com"]
[Date "2020.10.20"]
[Round "6"]
[White "Chessbard1972"]
[Black "Caterpiller35"]
[Result "0-1"]
[WhiteElo "2296"]
[BlackElo "2434"]
[TimeControl "180+1"]
[EndTime "11:09:36 PDT"]
[Termination "Caterpiller35 won by resignation"]

1. d4 Nf6 2. c4 e6 3. Nf3 b6 4. a3 Ba6 5. Qc2 c5 6. d5 exd5 7. cxd5 g6 8. Nc3 Bg7 9. g3 O-O 10. Bg2 Re8 11. O-O d6 12. Re1 b5 13. b4 Nbd7 14. Bb2 Rc8 15. Qd2 Qb6 16. e4 Ng4 17. h3 Nge5 18. Nxe5 Bxe5 19. Ne2 cxb4 20. axb4 Rc4 21.
Bxe5 Nxe5 22. Rec1 Bc8 23. Rxc4 bxc4 24. Nd4 Bxh3 25.
Kh2 Bxg2 26. Kxg2 Nd3 27. Nc6 a6 28. f3 Ne5 29. Nxe5 dxe5 30. Rh1 Qd4 31. Qh6 Qb2+ 32. Kh3 Qxb4 33. Kg4 Qd6 34. Qxh7+ Kf8 35. Qh6+ Ke7 36. Qe3 Rc8 37. f4 c3 38. Rc1 c2 39. Kf3 Qb4 40. Kg4 exf4 41. Qa7+ Kf8 42. Qd7 Rc4 43. Qd8+ Kg7 44.
Rh1 Qf8 45. Qb6 c1=Q 46. Rxc1 Rxc1 47. Qd4+ Kg8 48. gxf4 Qc8+ 49. f5 Rc4 50. Qe5 Qxf5+ 51. Qxf5 gxf5+ 52. Kxf5 a5 53. d6 Rd4 54. e5 a4 55. Kf6 a3 56. Ke7 a2 57. d7 a1=Q 58.
d8=Q+ Rxd8 59. Kxd8 Qxe5 60. Kd7 Qe6+ 0-1

[Event "*** Titled Tuesday Blitz"]
[Site "Chess.com"]
[Date "2020.10.20"]
[Round "6"]
[White "szefru"]
[Black "AttackSparrow"]
[Result "0-1"]
[WhiteElo "2245"]
[BlackElo "2393"]
[TimeControl "180+1"]
[EndTime "11:09:36 PDT"]
[Termination "AttackSparrow won by resignation"]

1. e4 c5 2. Nf3 e6 3. b3 b6 4. Bb2 Bb7 5. d3 Nc6 6. g3 d5 7.
exd5 exd5 8. Qe2+ Qe7 9. Nc3 Qxe2+ 10. Nxe2 d4 11. Bg2 O-O-O 12. O-O Nb4 13. Rfc1 Nh6 14. a3 Nd5 15. c4 dxc3 16. Nxc3 Nxc3 17. Rxc3 Kb8 18. Rd1 f6 19. Rc2 Nf5 20. d4 Bd6 21. dxc5 Bxc5 22. Rcd2 Rxd2 23. Rxd2 Re8 24. b4 Bd6 25. g4 Bf4 26. Rd7 Bxf3 27. Bxf3 Re1+ 28. Kg2 Nh4+ 29. Kh3 Nxf3 30. Rxg7 Be5 31. Bxe5+ Rxe5 32. Kg3 Ng5 33. h4 Ne4+ 34. Kg2 h5 35. f3 Nd6 36. g5 fxg5 37. hxg5 Nf5 38. Rh7 Nh4+ 39. Kg3 Ng6 40. Rxh5 Rf5 41. Kg4 Rf4+ 42. Kg3 Rf5 43.
Kg4 Rd5 44. Rh6 Ne5+ 45. Kf4 Nf7 46. Rh7 Nxg5 47. Rh8+ Kb7 48. Rg8 Ne6+ 49. Ke4 Rd7 50. f4 Rf7 51. f5 Nc7 52. Ke5 Re7+ 53. Kf6 Re3 54. a4 Re4 55. a5 Rxb4 56. axb6 axb6 57. Kf7 Rf4 58. f6 Nd5 59. Rg6 Rxf6+ 60. Rxf6 Nxf6 61. Kxf6 Kc6 62. Ke5 Kc5 63. Ke4 Kc4 0-1

[Event "*** Titled Tuesday Blitz"]
[Site "Chess.com"]
[Date "2020.10.20"]
[Round "6"]
[White "Ural_bogatyr"]
[Black "shineatchess"]
[Result "0-1"]
[WhiteElo "2352"]
[BlackElo "2210"]
[TimeControl "180+1"]
[EndTime "11:09:37 PDT"]
[Termination "shineatchess won by checkmate"]

1. e4 Nf6 2. e5 Nd5 3. Nc3 Nxc3 4.
dxc3 d5 5. Bd3 c5 6. c4 dxc4 7. Bxc4 Qxd1+ 8. Kxd1 Nc6 9. e6 Bxe6 10. Bxe6 fxe6 11. c3 O-O-O+ 12. Kc2 Ne5 13. f4 Nd3 14. Be3 e5 15. f5 g6 16. fxg6 hxg6 17. Nf3 Bh6 18.
Bxh6 Rxh6 19. Rad1 c4 20. h3 Rf8 21. Rhf1 e4 22.
Nd4 Rxf1 23. Rxf1 e5 24. Ne2 g5 25. b3 Ra6 26. Ra1 cxb3+ 27. Kxb3 Rb6+ 28. Kc4 Rb2 29. Ng3 Rxg2 30. Nxe4 Nf4 31. a4 Nxh3 32. Kd5 g4 33. Kxe5 g3 34. a5 Re2 35. Kd5 Rxe4 36. Kxe4 g2 37.
a6 bxa6 38. Kd5 g1=Q 39. Rxg1 Nxg1 40. Kc6 Ne2 41. c4 Nd4+ 42. Kc5 Nc2 43. Kc6 Kb8 44. c5 Kc8 45. Kd5 a5 46. Kc4 Kc7 47. Kb5 Nd4+ 48. Kxa5 Kb7 49. Kb4 Kc6 50. Kc4 Ne6 51. Kb4 Nxc5 52.
Ka5 a6 53. Kb4 Kb6 54. Ka3 a5 55. Kb2 Kb5 56. Ka3 a4 57. Ka2 Kb4 58. Kb2 a3+ 59. Ka2 Ka4 60. Ka1 Kb3 61. Kb1 Nd3 62. Ka1 Nb4 63. Kb1 a2+ 64. Ka1 Nc2# 0-1

[Event "*** Titled Tuesday Blitz"]
[Site "Chess.com"]
[Date "2020.10.20"]
[Round "6"]
[White "TigrVShlyape"]
[Black "GregShahade"]
[Result "1/2-1/2"]
[WhiteElo "2859"]
[BlackElo "2663"]
[TimeControl "180+1"]
[EndTime "11:09:38 PDT"]
[Termination "Game drawn by repetition"]

1. d4 Nf6 2. Nf3 g6 3. c3 Bg7 4. Bg5 O-O 5. Nbd2 d6 6. e4 c5 7. d5 h6 8. Bh4 g5 9. Bg3 Nh5 10. Bd3 e6 11. dxe6 Bxe6 12. O-O Nc6 13. Bc4 Nxg3 14.
hxg3 Qe7 15. Re1 Rad8 16. a4 Rfe8 17. a5 g4 18. Nh2 Ne5 19. Bxe6 Qxe6 20. Ndf1 c4 21.
Re2 d5 22. exd5 Nf3+ 23. gxf3 Qxe2 24. Ne3 gxf3 25. Nxf3 Qxb2 26. Nh4 Rxe3 27. fxe3 Qxc3 28. Rb1 Qxe3+ 29. Kh2 c3 30. Kh3 Qe4 31. Rxb7 Qxd5 32. Qxd5 Rxd5 33. Rc7 Rxa5 34. g4 Rb5 35. Nf5 Rb3 36. Kg2 a5 37. Rc8+ Kh7 38. Rc7 Kg6 39. Rc6+ Kg5 40. Nxg7 Rb2+ 41. Kf3 c2 42. Rc5+ Kg6 43.
Nh5 a4 44. Nf4+ Kg7 45. Nd3 a3 46. Ke3 a2 47. Ra5 Rb1 48. Rxa2 c1=Q+ 49. Nxc1 Rxc1 50. Kf3 Rc3+ 51. Kf4 Rc4+ 52. Kf3 Rc3+ 53. Kf4 Rc4+ 54. Kf3 Rb4 55. Kg3 Kg6 56. Ra5 f6 57. Kf3 Rb3+ 58.
Kf4 Rb4+ 59. Kf3 Rd4 60. Kg3 Re4 61. Kf3 Re5 62. Ra6 Rc5 63. Ra8 Rb5 64. Kf4 Rb4+ 65.
Kf3 Kg5 66. Rg8+ Kh4 67. Rg6 Rb3+ 68. Kf4 Rb4+ 69. Kf3 Rb3+ 70. Kf4 Rb4+ 71. Kf3 1/2-1/2

[Event "*** Titled Tuesday Blitz"]
[Site "Chess.com"]
[Date "2020.10.20"]
[Round "6"]
[White "Fh2411"]
[Black "googlegoom"]
[Result "1-0"]
[WhiteElo "2516"]
[BlackElo "2364"]
[TimeControl "180+1"]
[EndTime "11:09:38 PDT"]
[Termination "Fh2411 won on time"]

1. d4 d5 2. Nf3 Nf6 3. c4 c6 4.
cxd5 cxd5 5. Nc3 Nc6 6. Bf4 e6 7. e3 Be7 8. Rc1 Bd7 9. Bd3 Rc8 10. h3 O-O 11. O-O Na5 12. Qe2 Nc4 13. b3 Nd6 14.
Ne5 Qa5 15. Nb1 Bb5 16. Bg5 Bxd3 17. Nxd3 Nde4 18. Bh4 h6 19. f3 Nd6 20. Nc5 Rfd8 21. Bf2 b6 22. Nd3 Nd7 23. Qd2 Qa6 24. Nb4 Qb7 25.
a4 b5 26. a5 a6 27. Nd3 Ne8 28. Bg3 b4 29. Rxc8 Rxc8 30. Rc1 Rc6 31. Be1 Rxc1 32. Qxc1 Nb8 33. Nc5 Bxc5 34. Qxc5 Nc6 35. Nd2 Nf6 36. Nf1 Nd7 37. Qd6 Nf6 38. Ng3 Nxa5 39. Bxb4 Nxb3 40. Qf8+ Kh7 41. Be7 Nd2 42. Bxf6 gxf6 43. Nh5 Qb1+ 44. Kf2 Qf1+ 45. Kg3 Qe1+ 46. Kg4 f5+ 47. Kf4 Qh4+ 48. g4 Qg5+ 49. Kg3 Nf1+ 50. Kf2 Qxe3+ 51. Kxf1 Qc1+ 52. Ke2 Qc2+ 53. Ke3 Qc3+ 54. Kf2 Qd2+ 55. Kg3 Qe1+ 56. Kf4 Qd2+ 57. Ke5 Qh2+ 58. Kf6 1-0

[Event "*** Titled Tuesday Blitz"]
[Site "Chess.com"]
[Date "2020.10.20"]
[Round "6"]
[White "tptagain"]
[Black "Maghalashvili"]
[Result "1-0"]
[WhiteElo "2905"]
[BlackElo "2674"]
[TimeControl "180+1"]
[EndTime "11:09:41 PDT"]
[Termination "tptagain won by resignation"]

1. e4 c5 2. Nc3 a6 3. g3 b5 4. Bg2 Bb7 5. d3 e6 6. Nh3 g6 7. O-O Bg7 8. f4 Ne7 9. Be3 d6 10. d4 cxd4 11. Bxd4 O-O 12. Bxg7 Kxg7 13. Qd4+ f6 14.
Rad1 Nc8 15. Ng5 Re8 16. e5 Bxg2 17. exf6+ Qxf6 18. Qxf6+ Kxf6 19. Kxg2 h6 20. Nge4+ Ke7 21. h4 Nd7 22. Rde1 Kf7 23. Nf2 Ncb6 24. Nce4 Ke7 25.
b3 Rac8 26. Re2 d5 27. Nd2 Rxc2 28. Rfe1 Kd6 29. Nde4+ dxe4 30. Nxe4+ Ke7 31. Rxc2 Nd5 32. Nc5 Nxc5 33. Rxc5 Kd6 34. Rc2 b4 35. Rc4 a5 36.
Kf3 Ra8 37. a4 bxa3 38. Ra1 Nb6 39. Rd4+ Kc5 40. Re4 Kd6 41. Rxa3 Nd5 42. b4 a4 43. b5 Nb6 44. Rc3 a3 45. Rc6+ Kd5 46. Re5+ Kd4 47. Rxb6 a2 48. Re1 a1=Q 49. Rxa1 Rxa1 50. Rxe6 Ra3+ 51. Kg2 g5 52. fxg5 hxg5 53. hxg5 Kc5 54. b6 Ra8 55. g6 Rg8 56. Kf3 Kd5 57. Rf6 Ke5 58. Rf7 Rxg6 59. b7 Rb6 60. g4 Ke6 61. Rh7 Ke5 62. Rh5+ Kf6 63. Rh6+ Ke5 64. Rxb6 1-0

[Event "*** Titled Tuesday Blitz"]
[Site "Chess.com"]
[Date "2020.10.20"]
[Round "6"]
[White "Chessdreamer2020"]
[Black "HanSchut"]
[Result "1/2-1/2"]
[WhiteElo "2460"]
[BlackElo "2270"]
[TimeControl "180+1"]
[EndTime "11:09:41 PDT"]
[Termination "Game drawn by repetition"]

1. e4 c5 2. Nf3 d6 3. Bb5+ Bd7 4. a4 Nf6 5. O-O g6 6. Re1 Bg7 7. c3 O-O 8. d4 Bg4 9. Nbd2 a6 10. Bf1 cxd4 11. cxd4 Nc6 12. h3 Bd7 13. b3 Rc8 14. Bb2 Nb4 15. Nc4 d5 16. exd5 Nfxd5 17. a5 Bb5 18. Qd2 Nc6 19. Ba3 Re8 20. Bc5 Qc7 21. h4 Qf4 22. Qxf4 Nxf4 23. Nb6 Rcd8 24. Bxb5 axb5 25. Rad1 Nd5 26. Nxd5 Rxd5 27. Rd2 e6 28. b4 Red8 29. Red1 h6 30. Kf1 e5 31. dxe5 Rxd2 32.
Rxd2 Rxd2 33. Nxd2 Nxe5 34. Ne4 Nd3 35. Be7 Bf8 36. Nf6+ Kg7 37. Ne8+ Kg8 38. Bxf8 Kxf8 39. Nd6 Nxb4 40. Nxb7 Nc6 41. a6 b4 42. Ke2 Ke7 43. Kd3 Kd7 44. Kc4 Kc7 45. Nc5 Kb6 46. Nd3 Kxa6 47. Nxb4+ Nxb4 48. Kxb4 Kb6 49. Kc4 Kc6 50. Kd4 Kd6 51. Ke4 Ke6 52. Kf4 f5 53. f3 Kf6 54. g4 g5+ 55. hxg5+ hxg5+ 56. Ke3 fxg4 57. fxg4 Ke5 58. Kf3 Kd4 59. Kf2 Ke4 60. Kg3 Ke3 61. Kg2 Kf4 62. Kf2 Kxg4 63. Kg2 Kf4 64.
Kf2 g4 65. Kg2 g3 66. Kg1 Kg4 67. Kg2 Kh4 68. Kg1 Kh3 69. Kh1 Kg4 70. Kg2 Kf4 71.
Kg1 Kf3 72. Kf1 Ke3 73. Kg2 Kf4 1/2-1/2

[Event "*** Titled Tuesday Blitz"]
[Site "Chess.com"]
[Date "2020.10.20"]
[Round "6"]
[White "Rozum_Ivan"]
[Black "MITerryble"]
[Result "1/2-1/2"]
[WhiteElo "2742"]
[BlackElo "2890"]
[TimeControl "180+1"]
[EndTime "11:09:42 PDT"]
[Termination "Game drawn by repetition"]

1. g3 d5 2. Bg2 Nf6 3. Nf3 c6 4. d4 Bf5 5. c4 e6 6. Nc3 Nbd7 7.
O-O h6 8. Qb3 Qb6 9. c5 Qxb3 10.
axb3 a6 11. b4 Rc8 12. Nd2 Bc2 13. Re1 Be7 14. Ra3 O-O 15. Nb3 Bxb3 16. Rxb3 Bd8 17. Bf4 Re8 18. Bd6 Bc7 19. Bxc7 Rxc7 20. f4 g5 21. e3 Kg7 22. Bf3 Nf8 23. Kf2 Ng6 24.
Na2 Ne4+ 25. Bxe4 dxe4 26. Nc3 f5 27. Ra3 Ne7 28. h4 gxh4 29. gxh4 Kf7 30. Rg1 Rcc8 31. Raa1 Rg8 32. h5 Rxg1 33. Rxg1 Rg8 34. Rxg8 Nxg8 35. Na4 Nf6 36. Nb6 Nxh5 37. Nc4 Nf6 38.
Nd6+ Ke7 39. Nxb7 Nd5 40. Na5 Nxb4 41. Kg3 Kd7 42. Nc4 Ke7 43. Kh4 Kf6 44. Kh5 Kg7 45. Ne5 Kh7 46. Ng6 Kg7 47. Ne5 Nd5 48. Nc4 Nf6+ 49. Kh4 Ng4 50. Kh5 Kh7 51. Kh4 Kg6 52. Ne5+ Nxe5 53. dxe5 a5 54. b3 Kg7 55. Kh5 Kh7 56. Kh4 Kg6 57. Kg3 Kg7 58. Kh4 Kh7 59. Kh5 Kg7 60. Kh4 Kg6 61. Kg3 Kg7 62. Kh3 Kg6 63.
Kg3 1/2-1/2

[Event "*** Titled Tuesday Blitz"]
[Site "Chess.com"]
[Date "2020.10.20"]
[Round "6"]
[White "Pikachess999"]
[Black "PhileKhoob"]
[Result "0-1"]
[WhiteElo "2345"]
[BlackElo "2535"]
[TimeControl "180+1"]
[EndTime "11:09:42 PDT"]
[Termination "PhileKhoob won by checkmate"]

1. e4 c5 2. a3 d6 3. b4 Nf6 4. Nc3 Nc6 5. b5 Nd4 6. Nge2 e5 7. d3 Be7 8. a4 O-O 9. Nxd4 cxd4 10. Ne2 Be6 11. g3 Rc8 12. Bg2 Qc7 13. c4 dxc3 14. Qc2 d5 15. O-O d4 16. f4 Bg4 17. fxe5 Qxe5 18.
Bf4 Qc5 19. Rf2 Bxe2 20. Rxe2 Ng4 21. Bf3 Ne5 22. Kg2 f6 23. Bc1 a6 24. Rb1 a5 25.
Rb3 Qc7 26. Rf2 Bb4 27. Bf4 Qc5 28. Rb1 Ba3 29. Rb3 Bb2 30. Bd1 Qe7 31. Qe2 Kh8 32.
h4 Qe6 33. g4 Qe7 34. Bc2 Qe6 35. Bd1 Rce8 36. Bc2 h6 37. Bd1 Kg8 38. Bg3 Kh8 39. Rf5 g6 40. Rf2 g5 41. hxg5 fxg5 42. Rf5 Ng6 43.
Qf3 Kg7 44. Bc2 Nh4+ 45. Bxh4 gxh4 46. Bd1 Rxf5 47. gxf5 Qe5 48. Qg4+ Kh8 49. Qxh4 Rg8+ 50. Kf2 Qg7 51. Qh2 Qg5 52. Qe5+ Rg7 53. Qe8+ Kh7 54.
Be2 Qe3+ 55. Ke1 Rg1# 0-1

[Event "*** Titled Tuesday Blitz"]
[Site "Chess.com"]
[Date "2020.10.20"]
[Round "6"]
[White "AleksanderHnydiuk"]
[Black "davigator"]
[Result "1/2-1/2"]
[WhiteElo "2530"]
[BlackElo "2352"]
[TimeControl "180+1"]
[EndTime "11:09:43 PDT"]
[Termination "Game drawn by repetition"]

1. Nf3 d5 2. d4 c6 3. c4 Nf6 4. e3 g6 5. Nc3 Bg7 6. Be2 O-O 7. O-O a6 8. a4 a5 9. b3 Na6 10.
Ba3 Re8 11. cxd5 Nxd5 12. Rc1 Ndb4 13. Ne4 Bf5 14. Ng3 Be6 15. Ng5 Bd7 16. Bc4 e6 17. N5e4 Bc8 18. f4 h6 19. Qd2 f5 20.
Nf2 Kh7 21. Nd3 Nxd3 22. Qxd3 Nc7 23. Rcd1 Nd5 24. e4 Nb4 25. Bxb4 axb4 26. Rfe1 Bd7 27. exf5 exf5 28. Rxe8 Qxe8 29. Qd2 Qf8 30. Ne2 Qd6 31. Nc1 b5 32. axb5 cxb5 33. Bf1 Ra1 34. Qb2 Ra3 35. Ne2 Qd5 36. Rd3 Be6 37. Nc1 Qa8 38. g3 Bd5 39. Bg2 Bxg2 40. Qxg2 Qa7 41. Qd2 Ra1 42. Kg2 Qa3 43. d5 Rxc1 44. d6 Rc8 45. d7 Rd8 46.
Qe3 Qb2+ 47. Kh3 Qf6 48. Qa7 g5 49. Qc7 g4+ 50. Kg2 Qb2+ 51. Kg1 Bd4+ 52. Kf1 Qb1+ 53. Ke2 Qb2+ 54. Rd2 Qc3 55. Qxd8 Qe3+ 56. Kd1 Qxb3+ 57. Ke2 Qe3+ 58. Kd1 Qf3+ 59. Re2 Qd3+ 60. Rd2 Qb1+ 61. Ke2 Qe4+ 62. Kd1 Qb1+ 63. Ke2 Qe4+ 64. Kd1 Qb1+ 1/2-1/2

[Event "*** Titled Tuesday Blitz"]
[Site "Chess.com"]
[Date "2020.10.20"]
[Round "6"]
[White "gmpeter008"]
[Black "davidkalashian"]
[Result "0-1"]
[WhiteElo "2424"]
[BlackElo "2610"]
[TimeControl "180+1"]
[EndTime "11:09:44 PDT"]
[Termination "davidkalashian won by resignation"]

1. d4 Nf6 2. Bf4 e6 3. e3 b6 4.
Nf3 Bb7 5. a4 a6 6. Nbd2 Be7 7.
c3 O-O 8. Bd3 c5 9. O-O cxd4 10. exd4 d6 11. Re1 Nbd7 12. Qe2 Re8 13. Bg3 Nf8 14. Nc4 Ng6 15. Ng5 Bf8 16. h4 e5 17. h5 Nf4 18. Bxf4 exf4 19. Qxe8 Qxe8 20. Rxe8 Rxe8 21. Nxb6 h6 22. Nf3 Nxh5 23. a5 Nf6 24.
Re1 Rxe1+ 25. Nxe1 Be7 26. Nc2 Bd8 27. Nb4 Bxb6 28.
axb6 Nd7 29. Nxa6 Nxb6 30. Nb4 Na4 31. Bb5 Nxb2 32. c4 Kf8 33. c5 dxc5 34. dxc5 Ke7 35. c6 Ba8 36. c7 Bb7 37. Kf1 Kd6 38. Ke2 Kxc7 39. Kd2 Kb6 40. Be8 Nc4+ 41. Kd3 Nd6 42. Ba4 Bxg2 43. Kd4 Ka5 44. Bc6 Kxb4 45. Bxg2 Nf5+ 46.
Ke5 Nh4 47. Bd5 g5 48. Bxf7 Kc3 49. Kf6 Kd3 50. Kg7 Nf5+ 51. Kf6 Nd6 52. Bg6+ Ke2 53.
Kg7 Kxf2 54. Kxh6 g4 55. Kg5 g3 56. Kxf4 g2 0-1

[Event "*** Titled Tuesday Blitz"]
[Site "Chess.com"]
[Date "2020.10.20"]
[Round "6"]
[White "MidnightFox"]
[Black "MarkoPe"]
[Result "1-0"]
[WhiteElo "2438"]
[BlackElo "2165"]
[TimeControl "180+1"]
[EndTime "11:09:44 PDT"]
[Termination "MidnightFox won on time"]

1. Nf3 d5 2. d4 Nf6 3. c4 e6 4. g3 dxc4 5. Bg2 a6 6. O-O Nc6 7. e3 Be7 8. Qe2 O-O 9. Qxc4 Qd5 10. Qe2 Qb5 11. Qxb5 axb5 12. Nc3 b4 13. Nb5 Ra5 14.
a4 bxa3 15. Nxa3 Bd7 16. Bd2 Ra4 17. Nb5 Rxa1 18. Rxa1 Rc8 19. Be1 Nb4 20. Nc3 Nc2 21. Rc1 Nxe1 22. Rxe1 Bc6 23. Ne5 Bxg2 24. Kxg2 Bd6 25.
Nc4 Bb4 26. Ra1 Kf8 27. Ra7 b6 28. Nb5 Ne8 29. Kf3 Ke7 30. Nxb6 Rb8 31. Nxc7 Nxc7 32. Rxc7+ Kd6 33. Rd7+ Kc6 34. Rxf7 Rxb6 35. Rxg7 Rb7 36. Rxb7 Kxb7 37. Ke4 Kc6 38. Ke5 Kd7 39. Kf6 Be1 40. f4 Bf2 41. e4 Bxd4+ 42. e5 Bxb2 43.
Kg7 Ke7 44. Kxh7 Kf7 45. g4 Bc1 46. g5 Bxf4 47. g6+ Ke7 48. g7 Bxh2 49. g8=Q Bxe5 50.
Qg5+ Bf6 51. Qg6 e5 52. Kg8 Ke6 53. Qf7+ Kf5 54. Kh7 e4 55. Qd5+ Kf4 56. Kg6 Be5 57.
Qd1 e3 58. Qe2 Bd4 59. Kf7 Bc3 60. Ke6 Bd2 61. Kd5 1-0

[Event "*** Titled Tuesday Blitz"]
[Site "Chess.com"]
[Date "2020.10.20"]
[Round "6"]
[White "SanchezKelvin"]
[Black "doons21"]
[Result "1-0"]
[WhiteElo "2413"]
[BlackElo "2546"]
[TimeControl "180+1"]
[EndTime "11:09:46 PDT"]
[Termination "SanchezKelvin won by resignation"]

1. d4 Nf6 2. c4 g6 3. Nc3 Bg7 4. Nf3 O-O 5. e4 d6 6. Be2 e5 7. O-O Nbd7 8. Re1 c6 9. Bg5 exd4 10. Qxd4 Qb6 11. Qxb6 axb6 12. Rad1 Nc5 13. Bf1 Re8 14. Rxd6 Nfxe4 15. Nxe4 Nxe4 16. Rxe4 Be6 17. Nd4 Bf8 18. Rdxe6 fxe6 19. a3 Bg7 20. Be3 Rad8 21. b4 e5 22. Nf3 Rd1 23. Bxb6 Ra1 24. c5 Rxa3 25. Bc4+ Kh8 26. h4 Bf6 27. Ng5 Ra1+ 28. Kh2 Rb1 29. Nf7+ Kg7 30. Nd6 Ra8 31. Ba5 Rb8 32. g3 Rb2 33. Kg2 Kf8 34. Be2 Bd8 35. Nc4 Ra2 36. Nxe5 Kg7 37. Bc4 Bxa5 38. Bxa2 Bc7 39. f4 Rd8 40. Bc4 Rd2+ 41. Be2 Rb2 42. Kf2 Bd8 43.
Nd3 Rc2 44. Rd4 Bf6 45. Rd7+ Kg8 46. Rxb7 Bd4+ 47. Kf3 Rc3 48. Rc7 Bf6 49. Rxc6 Be7 50. b5 Kf7 51. b6 Rb3 52. Rc7 Ke6 53. Ke4 Bd8 54. Bg4+ Kf6 55. Rc6+ Ke7 56. Ne5 Rb4+ 57.
Kd5 Rb1 58. Rc7+ Ke8 59. Rxh7 Rd1+ 60. Ke6 Kf8 61. Rd7 Rxd7 62. Nxd7+ Kg7 63. b7 Bc7 64. b8=Q Bxb8 65. Nxb8 1-0

[Event "*** Titled Tuesday Blitz"]
[Site "Chess.com"]
[Date "2020.10.20"]
[Round "6"]
[White "TokChess"]
[Black "valeriocarnicelli"]
[Result "0-1"]
[WhiteElo "2420"]
[BlackElo "2593"]
[TimeControl "180+1"]
[EndTime "11:09:47 PDT"]
[Termination "valeriocarnicelli won on time"]

1. c4 Nf6 2. g3 g6 3. Bg2 Bg7 4. Nc3 O-O 5. e4 d6 6. Nge2 e5 7. O-O Nc6 8. d3 Nd7 9. h3 Nd4 10. f4 Nc5 11. f5 gxf5 12. exf5 Nxf5 13. Ne4 Nxe4 14. Bxe4 Nd4 15. Nxd4 exd4 16. g4 Qh4 17. Qf3 c6 18. Bf4 Be5 19. Bxe5 dxe5 20. Kg2 Qg5 21. Qf6 Qxf6 22. Rxf6 Kg7 23. Raf1 Be6 24. Kg3 Rac8 25. g5 b5 26. b3 bxc4 27. bxc4 c5 28. Rh6 Rh8 29.
Rb1 Rb8 30. Rxb8 Rxb8 31. Rxh7+ Kg8 32. h4 Rb2 33. h5 Rxa2 34. h6 Re2 35. Rg7+ Kf8 36.
g6 fxg6 37. Rxg6 Re3+ 38. Kg2 Bh3+ 39. Kh2 Bd7 40. Kg2 Rh3 41. Rd6 Ke7 42. Ra6 Rh4 43. h7 Be6 44. Rxa7+ Kf6 45. Rc7 Bf5 46. Rc6+ Kg5 47.
Bxf5 Kxf5 48. Rxc5 Rxh7 49. Rc8 Kf4 50. Kf2 Rh2+ 51.
Ke1 Ke3 52. Kf1 Kxd3 53. Kg1 Rc2 54. c5 e4 55. c6 e3 56. Re8 Rxc6 57. Rd8 Rg6+ 58.
Kf1 e2+ 59. Kf2 Rf6+ 60. Kg2 e1=Q 0-1

[Event "*** Titled Tuesday Blitz"]
[Site "Chess.com"]
[Date "2020.10.20"]
[Round "6"]
[White "Fusikk"]
[Black "kasparicy"]
[Result "1-0"]
[WhiteElo "2529"]
[BlackElo "2369"]
[TimeControl "180+1"]
[EndTime "11:09:47 PDT"]
[Termination "Fusikk won by resignation"]

1. e4 c5 2. Nc3 Nc6 3. f4 g6 4.
Nf3 Bg7 5. Bb5 Nd4 6. a4 e6 7. e5 Ne7 8. Ne4 O-O 9. Nxd4 cxd4 10. O-O b6 11. Nd6 Nf5 12. Nxf5 exf5 13. Qf3 Rb8 14. b3 Bb7 15. Qf2 d6 16. Ba3 dxe5 17. Bxf8 Qxf8 18. fxe5 Bxe5 19. Rae1 Qd6 20. Qh4 Rc8 21. Bd3 f6 22.
Re2 Kg7 23. Rfe1 a6 24. Bc4 Rc5 25. Bd3 f4 26. Qf2 Qc7 27. Rc1 Qd6 28. Rce1 Qc7 29. Rc1 Qd6 30. Ree1 Rc7 31. Be4 Bxe4 32. Rxe4 d3 33. c3 Qd5 34. Rb4 a5 35. Rc4 Rxc4 36.
bxc4 Qxc4 37. Qxb6 Qxa4 38. Qb7+ Kh6 39. Qd5 Qc2 40.
Rf1 Qxd2 41. c4 Qe3+ 42. Kh1 d2 43. c5 Qe2 44. Kg1 Qe3+ 45. Kh1 Bd4 46. Qf3 Qxf3 47.
gxf3 Bxc5 48. Rd1 Bb4 49. Kg2 a4 50. Kf1 Bc3 51. Ke2 a3 52. Kd3 Ba5 53. Kc2 Kg5 54. Ra1 Bb4 55. Rb1 Ba5 56. Ra1 Bb4 57. Rb1 Ba5 58. Rb5+ Kh4 59. Rxa5 Kh3 60. Kxd2 Kxh2 61.
Ke2 Kg3 62. Rxa3 f5 63. Ra7 h5 64. Rg7 g5 65. Rxg5+ 1-0

[Event "*** Titled Tuesday Blitz"]
[Site "Chess.com"]
[Date "2020.10.20"]
[Round "6"]
[White "PLAYER_2006_M"]
[Black "VitaliyBernadskiy"]
[Result "1-0"]
[WhiteElo "2538"]
[BlackElo "2761"]
[TimeControl "180+1"]
[EndTime "11:09:48 PDT"]
[Termination "PLAYER_2006_M won on time"]

1. d4 Nf6 2. Nc3 e6 3. e4 d5 4.
e5 Nfd7 5. f4 c5 6. Nf3 Nc6 7.
Be3 Be7 8. Bd3 O-O 9. O-O f6 10.
exf6 Nxf6 11. Bf2 Ng4 12. Ng5 Bxg5 13. Qxg4 Rxf4 14. Qh5 Bh6 15. Bg3 Rxf1+ 16. Rxf1 Bd7 17. dxc5 Qe8 18. Qf3 Ne7 19. Bf4 Bxf4 20. Qxf4 Nc6 21.
Nb5 Qe7 22. Nd6 b6 23. Qf7+ Qxf7 24. Rxf7 Ne5 25. Rxd7 Nxd7 26. c6 Kf8 27. c7 g6 28.
c8=Q+ Rxc8 29. Nxc8 a5 30. Bb5 Nc5 31. Nxb6 Ke7 32.
Na4 Ne4 33. Bd3 Ng5 34. h4 Nf7 35. h5 gxh5 36. Bxh7 h4 37. Kf2 Kd6 38. Bd3 Ne5 39. Nc3 Kc5 40. Bf1 Nc6 41. Ke2 e5 42. Kd2 e4 43. Nd1 d4 44. c3 Ne5 45. cxd4+ Kxd4 46. Ne3 Kc5 47. Nf5 Ng6 48. Ke3 Kd5 49. Nh6 Ke5 50. Ng4+ Kf5 51. Nf2 Ne5 52. Nxe4 Ng4+ 53.
Kd4 Kf4 54. Be2 Ne3 55. Bf3 Nf5+ 56. Kd3 h3 57. Ke2 1-0

[Event "*** Titled Tuesday Blitz"]
[Site "Chess.com"]
[Date "2020.10.20"]
[Round "6"]
[White "AlexTriapishko"]
[Black "C_K_G"]
[Result "1-0"]
[WhiteElo "2790"]
[BlackElo "2118"]
[TimeControl "180+1"]
[EndTime "11:09:48 PDT"]
[Termination "AlexTriapishko won on time"]

1. c4 Nf6 2. Nc3 g6 3. e4 d6 4. d4 Bg7 5. Be2 O-O 6. Nf3 Nbd7 7. Be3 e5 8. d5 Ng4 9. Bg5 f6 10. Bh4 Nh6 11. Nd2 Nf7 12. O-O a5 13. f3 Nc5 14. b3 Bh6 15. Bf2 f5 16. Rb1 f4 17.
a3 g5 18. b4 axb4 19. axb4 Nd7 20. c5 Kh8 21. Nc4 Rg8 22. Nb5 Nf6 23. cxd6 cxd6 24.
Nb6 Rb8 25. Na7 Bd7 26. Nxd7 Qxd7 27. h3 g4 28. hxg4 Bg5 29. Kh2 h5 30. gxh5 Nxh5 31. Rh1 Kg7 32. Kg1 Rh8 33. Qe1 Qe7 34. Rh3 Nf6 35.
Rc1 Rxh3 36. gxh3 Rg8 37. Bf1 Kh6 38. Rc8 Rg7 39. Kh2 Nh5 40. Nb5 Ng3 41. Bxg3 fxg3+ 42. Kg2 Bf4 43. Rc7 Qh4 44. Rxf7 Rxf7 45. Nxd6 Rc7 46. Nf5+ Kg5 47. Nxh4 Rc2+ 48. Be2 Kxh4 49. d6 Rd2 50. Kf1 Rxd6 51. Kg2 Rd2 52. Qf1 Rb2 53. b5 Be3 54. f4 1-0

[Event "*** Titled Tuesday Blitz"]
[Site "Chess.com"]
[Date "2020.10.20"]
[Round "6"]
[White "ikhasu"]
[Black "Kaslask"]
[Result "1-0"]
[WhiteElo "2428"]
[BlackElo "2295"]
[TimeControl "180+1"]
[EndTime "11:09:48 PDT"]
[Termination "ikhasu won on time"]

1. e4 c5 2. Nf3 Nc6 3. Bb5 g6 4. O-O Bg7 5. Re1 Nf6 6. e5 Nd5 7. Nc3 Nc7 8. Bxc6 dxc6 9. Ne4 b6 10. Nf6+ Kf8 11. Ne4 Bg4 12. d3 Qd5 13. Bf4 Ne6 14.
Bg3 Nd4 15. Ned2 Rd8 16. Re4 h5 17. h3 Nxf3+ 18. Nxf3 Bf5 19. Re1 Bh6 20. Qe2 Kg7 21.
Bh4 Rd7 22. Bg5 Bxg5 23. Nxg5 f6 24. Nf3 Rhd8 25. b3 b5 26. a4 c4 27. dxc4 bxc4 28. bxc4 Qc5 29. Rab1 Qa5 30. Qe3 Qxa4 31. Ra1 Qxc2 32.
Rxa7 Qxc4 33. exf6+ exf6 34. Nd4 Qd5 35. Nxf5+ Qxf5 36. Qd4 Qd5 37. Re7+ Rxe7 38. Rxe7+ Kg8 39. Qxf6 Qd1+ 40.
Kh2 Qd6+ 41. Qxd6 Rxd6 42. Rc7 h4 43. f3 Re6 44. Kg1 Kh8 45. Kf2 Kg8 46. f4 Re4 47.
Kf3 Rc4 48. Kg4 Kh8 49. Kg5 Rc2 50. Kxg6 Rxg2+ 51. Kh5 Rc2 52. Kxh4 c5 53. Kg5 c4 54. Kf6 c3 55. f5 Rc1 56. h4 c2 57. h5 Kg8 58. h6 Kh8 59. h7 Re1 60. Rxc2 Kxh7 61. Kf7 1-0

[Event "*** Titled Tuesday Blitz"]
[Site "Chess.com"]
[Date "2020.10.20"]
[Round "6"]
[White "AntonovaNadezhda"]
[Black "korkmaz16"]
[Result "1/2-1/2"]
[WhiteElo "2102"]
[BlackElo "2362"]
[TimeControl "180+1"]
[EndTime "11:09:48 PDT"]
[Termination "Game drawn by repetition"]

1. d4 d5 2. Nf3 Nf6 3. e3 c5 4. Nbd2 Nc6 5. c3 Bg4 6. dxc5 e5 7. Qa4 Bd7 8. b4 e4 9. Ng1 Ne5 10. Qc2 a5 11. a3 b6 12. cxb6 Qxb6 13. Bb2 Bb5 14. c4 Nxc4 15. Nxc4 dxc4 16. Bxc4 Bxc4 17. Qxc4 axb4 18. Bxf6 Qxf6 19. Qxe4+ Kd7 20. Qb7+ Ke6 21. Qc6+ Bd6 22. Rd1 Qc3+ 23. Qxc3 bxc3 24. Ne2 Rxa3 25. O-O Rc8 26. Rc1 Be5 27. f4 Bb8 28. Rfd1 Bd6 29. Nd4+ Kd7 30. Nb5 Ra6 31. Rxc3 Rxc3 32. Nxc3 Ke7 33.
Kf2 f5 34. Kf3 Bc5 35. Nd5+ Kf7 36. Rd3 Rd6 37. e4 fxe4+ 38. Kxe4 g6 39. g4 Rd8 40. Rc3 Bd6 41. Rc6 Rd7 42. Kf3 h6 43. h3 Be7 44. Nxe7 Rxe7 45. Rc3 Kg7 46. Re3 Rf7 47. Rd3 Rc7 48. Ke4 Rc4+ 49. Rd4 Rc7 50. f5 gxf5+ 51.
Kxf5 Rf7+ 52. Ke4 Kh7 53. Rd5 Kg7 54. Rf5 Re7+ 55. Kf4 Ra7 56. Re5 Ra3 57. Re3 Ra4+ 58. Re4 Ra7 59. h4 Rf7+ 60. Kg3 Ra7 61. h5 Rb7 62.
Re6 Rc7 63. Kh4 Kh7 64. Rg6 Rb7 65. Re6 Rc7 66. Rf6 Rb7 67. Re6 Rc7 1/2-1/2